 Dungeon Crawl Stone Soup version 0.29-a0-923-g6e406bff71 (webtiles) character file.

Game seed: 15091942494271287230

560 Elmgren the Chopper (level 7, -13/88 HPs)
             Began as a Minotaur Berserker on July 28, 2022.
             Was a Believer of Trog.
             Mangled by a two-headed ogre
             ... wielding a +0 giant spiked club
              (26 damage)
             ... on level 5 of the Dungeon.
             The game lasted 00:12:38 (6621 turns).

Elmgren the Chopper (Minotaur Berserker)            Turns: 6621, Time: 00:12:38

Health: -13/88     AC:  9    Str: 23    XL:     7   Next: 9%
Magic:  6/6        EV: 10    Int:  4    God:    Trog [**....]
Gold:   259        SH:  0    Dex: 10    Spells: 6/6 levels left

rFire   . . .      SeeInvis .   a - +1 hand axe (venom)
rCold   . . .      Faith    .   (no shield)
rNeg    . . .      Spirit   .   p - +0 scale mail
rPois   .          Reflect  .   (helmet restricted)
rElec   .          Harm     .   b - scarf {+Inv}
rCorr   .          Rampage  .   (no gloves)
Will    .....                   f - +0 pair of boots
Stlth   ..........              (no amulet)
HPRegen 0.24/turn               (no ring)
MPRegen 0.10/turn               (no ring)

@: berserking, very quick
A: horns 2, retaliatory headbutt
a: Renounce Religion, Evoke Invisibility, Berserk, Trog's Hand


You were on level 5 of the Dungeon.
You worshipped Trog.
Trog was pleased with you.
You visited 1 branch of the dungeon, and saw 5 of its levels.

You collected 259 gold pieces.

Inventory:

Hand Weapons
 a - a +1 hand axe of venom (weapon)
Armour
 b - a scarf of invisibility (worn)
 f - a +0 pair of boots (worn)
 p - a +0 scale mail (worn)
Jewellery
 h - an amulet of reflection
Scrolls
 j - 3 scrolls of teleportation
 l - a scroll of fear
 n - 4 scrolls of identify
Potions
 c - a potion of lignification {unknown}
 d - 2 potions of haste
 e - a potion of attraction {unknown}
 g - 3 potions of curing
 i - 2 potions of ambrosia {unknown}
 k - a potion of invisibility {unknown}
 m - 2 potions of heal wounds {unknown}
 r - 2 potions of flight {unknown}
 s - a potion of resistance {unknown}


   Skills:
 - Level 4.0 Fighting
 + Level 7.1 Axes
 + Level 6.6 Armour
 - Level 2.6 Dodging


You had 6 spell levels left.
You didn't know any spells.
Your spell library was empty.

Dungeon Overview and Level Annotations

Branches:
Dungeon (5/15)
 Temple: D:4-7

Altars:
The Shining One


Innate Abilities, Weirdness & Mutations

You have a pair of horns on your head.
You reflexively headbutt those who attack you in melee.


Message History

You see here a scorpion corpse. 2 gnolls come into view.
The gnoll shouts! x2; You hear a shout!
A gnoll comes into view. It is wielding a +0 club. x2
The gnoll moves out of view. x2
The gnoll shouts!
A two-headed ogre comes into view.
It is wielding two +0 giant spiked clubs.
The two-headed ogre shouts in stereo!
There are monsters nearby!
You see here a scorpion corpse.
You closely miss the gnoll. The gnoll closely misses you.
You slash the gnoll!
The gnoll is poisoned.
The gnoll is heavily wounded.
The gnoll barely misses you.
You hit the gnoll.
You kill the gnoll!
Trog accepts your kill.
The two-headed ogre hits you with a +0 giant spiked club!
The two-headed ogre hits you with a +0 giant spiked club!!
Things that are here:
a +0 club; a gnoll corpse A red film seems to cover your vision as you go berserk!
You feel yourself moving faster!
You feel mighty!
You slash the two-headed ogre!
The two-headed ogre looks as sick as possible!
The two-headed ogre is lightly wounded.
The two-headed ogre hits you with a +0 giant spiked club!
* * * LOW HITPOINT WARNING * * *
The two-headed ogre closely misses you.
You slash the two-headed ogre!
The two-headed ogre looks as sick as possible!
The two-headed ogre is moderately wounded.
You slash the two-headed ogre!
The two-headed ogre looks as sick as possible!
You headbutt the two-headed ogre! You punch the two-headed ogre.
The two-headed ogre is almost dead.
The two-headed ogre hits you with a +0 giant spiked club!
* * * LOW HITPOINT WARNING * * *
The two-headed ogre hits you with a +0 giant spiked club!!
You die...

#..###.# #..(...#
##.##### #.# #g#
#g# #g# ## #O# #.
#@# #.
#.###############.
#.....:...........
##################


You could see a two-headed ogre (extremely poisoned) and 3 gnolls.

Vanquished Creatures
  Sigmund (D:5)
  3 scorpions
  An orc priest (D:3)
  2 iguanas
  A gnoll (D:5)
  2 adders
  3 ufetubi
  A worm (D:4)
  3 dart slugs
  6 orcs
  7 bats
  7 endoplasms
  A giant cockroach (D:1)
  4 goblins
  9 hobgoblins
  13 jackals
  3 kobolds
  3 quokkas
  7 ball pythons
  4 frilled lizards
  12 rats
93 creatures vanquished.

Notes
Turn   | Place    | Note
-------+----------+-------------------------------------------
     0 | D:1      | Elmgren the Minotaur Berserker began the quest for the Orb.
     0 | D:1      | Reached XP level 1. HP: 19/19 MP: 0/0
   171 | D:1      | Reached XP level 2. HP: 27/27 MP: 1/1
   486 | D:1      | Reached skill level 4 in Axes
  2335 | D:2      | Reached XP level 3. HP: 33/33 MP: 2/2
  2690 | D:2      | Reached ** piety under Trog
  2966 | D:2      | Found a faded altar of an unknown god.
  3244 | D:3      | Noticed a scorpion
  3251 | D:3      | Reached XP level 4. HP: 40/40 MP: 3/3
  3255 | D:3      | Killed a scorpion
  3256 | D:3      | Reached skill level 5 in Axes
  3267 | D:3      | Reached XP level 5. HP: 29/46 MP: 4/4
  3839 | D:3      | Identified the +11 sling "Niaptiar" {flame, rPois rF- SInv}
  4214 | D:4      | Reached skill level 5 in Armour
  4239 | D:4      | Reached skill level 6 in Axes
  4239 | D:4      | Reached XP level 6. HP: 52/52 MP: 5/5
  4701 | D:4      | Found a glowing golden altar of the Shining One.
  6113 | D:5      | Entered Level 5 of the Dungeon
  6362 | D:5      | Noticed Sigmund
  6368 | D:5      | Killed Sigmund
  6558 | D:5      | Reached skill level 7 in Axes
  6558 | D:5      | Reached XP level 7. HP: 52/59 MP: 6/6
  6596 | D:5      | Noticed a two-headed ogre
  6621 | D:5      | Mangled by a two-headed ogre

Illustrated notes

Levels and vault maps discovered:
D:1:      amcnicky_arrival_wind_blow, layout_basic, minivault_25,
          nicolae_eternal_life, minmay_pentomino_o2
D:2:      layout_loops_ring, hellmonk_ecumenical_altar_leap_of_faith,
          minmay_split_cup_small
D:3:      layout_rooms
D:4:      layout_gridville, tso_oasis_becter
D:5:      layout_loops_ring, minmay_temple_entry_enclosed_plants,
          minmay_statues_item, chequers_serial_rivers_small_3, uniq_sigmund

Skill      XL: |  1  2  3  4  5  6 |
---------------+-------------------+-----
Axes           | 4 5 6 7 |  7.1
Fighting       | 4 |  4.0
Armour         | 3 4 5 6 |  6.6
Dodging        | |  2.6

Action                   |  1- 3 |  4- 6 |  7- 9 || total
-------------------------+-------+-------+-------++-------
Melee: Hand axe          |   107 |    99 |     6 ||   212
       Headbutt          |    10 |    15 |     1 ||    26
       Punch             |     1 |     1 |     1 ||     3
Invok: Berserk           |     1 |     1 |     1 ||     3
  Use: Scroll            |     6 |     3 |       ||     9
 Stab: Sleeping          |     1 |       |       ||     1
Armor: Animal skin       |    14 |       |       ||    14
       Leather armour    |    19 |    12 |       ||    31
       Scale mail        |       |    24 |       ||    24
Dodge: Dodged            |    71 |    55 |     3 ||   129

Table legend: (Time is in decaauts)
 A = Elapsed time spent in this place.
 B = Non-inter-level travel time spent in this place.
 C = Inter-level travel time spent in this place.
 D = Time resting spent in this place.
 E = Time spent auto-exploring this place.
 F = Levels seen in this place.
 G = Mean time per level.
                   A        B        C        D        E       F      G
               +--------+--------+--------+--------+--------+-----+--------+
         Total |   6650 |   6523 |    127 |   2939 |   2941 |   5 | 1330.0 |
       Dungeon |   6650 |   6523 |    127 |   2939 |   2941 |   5 | 1330.0 |
               +--------+--------+--------+--------+--------+-----+--------+

Top non-repeatable levels by time:
     D:1: 2324 daAuts
     D:4: 1942 daAuts
     D:3: 967 daAuts
     D:2: 899 daAuts
     D:5: 517 daAuts
